 Dungeon Crawl Stone Soup version 0.28-a0-1233-g92def6ad0a (webtiles) character file.

Game seed: 13514058958446962583

472 Lekart the Chopper (level 6, 0/56 HPs)
             Began as a Draconian Chaos Knight on Dec 23, 2021.
             Was a Plaything of Xom.
             Slain by an ogre (16 damage)
             ... on level 4 of the Dungeon.
             The game lasted 00:07:07 (3890 turns).

Lekart the Chopper (Draconian Chaos Knight)         Turns: 3890, Time: 00:07:08

Health: 0/56       AC:  7    Str: 14    XL:     6   Next: 83%
Magic:  0/6        EV: 13    Int: 10    God:    Xom [...*..]
Gold:   96         SH:  0    Dex: 13    Spells: 5/5 levels left

rFire   . . .      SeeInvis .   a - +0 hand axe (chaos)
rCold   . . .      Faith    .   (no shield)
rNeg    . . .      Spirit   +   (armour unavailable)
rPois   .          Reflect  .   (helmet restricted)
rElec   .          Harm     .   i - +0 cloak
rCorr   .          Rampage  .   (no gloves)
Will    .....      Rage     1%  (no boots)
Stlth   +.........              f - amulet of guardian spirit
HPRegen 0.18/turn               (no ring)
MPRegen 0.10/turn               (no ring)

@: brilliant
A: AC +6, unfitting armour, cold-blooded, berserk 1, dopey 1
a: Renounce Religion


You were on level 4 of the Dungeon.
You worshipped Xom.
You were a favourite toy of Xom.
You visited 1 branch of the dungeon, and saw 5 of its levels.
You also visited: Sewer.

You collected 96 gold pieces.

Inventory:

Hand Weapons
 a - a +0 hand axe of chaos (weapon)
Armour
 i - a +0 cloak (worn)
Jewellery
 f - an amulet of guardian spirit (around neck)
Wands
 h - a wand of polymorph (4)
Scrolls
 b - 7 scrolls of blinking
 g - 3 scrolls of silence
Potions
 c - 4 potions of flight
 e - a potion of brilliance


   Skills:
 + Level 5.0 Fighting
 + Level 5.7 Axes
 + Level 4.1 Dodging


You had 5 spell levels left.
You didn't know any spells.
Your spell library contained the following spells:

 Spells                   Type           Power      Damage    Failure   Level
 Summon Small Mammal      Summ           0%         N/A       36%         1
 Call Canine Familiar     Summ           0%         N/A       75%         3
 Summon Guardian Golem    Hex/Summ       0%         N/A       75%         3
 Orb of Destruction       Conj           0%         N/A       100%        7
 Spellforged Servitor     Conj/Summ      0%         N/A       100%        7


Dungeon Overview and Level Annotations

Branches:
Dungeon (5/15)              Sewer (visited)
 Temple: D:4-7

Altars:
Ashenzari
Yredelemnul

Shops:
D:5 *

Annotations:
D:4 Natasha


Innate Abilities, Weirdness & Mutations

Your plain brown scales are hard. (AC +6)
You cannot fit into any form of body armour.
You are cold-blooded and may be slowed by cold attacks.
You tend to lose your temper in combat.
You are dopey. (Int -2)


Message History

You hit the orc wizard. You burn the orc wizard.
The orc wizard is moderately wounded.
You hit the phantom but do no damage.
The orc shouts!
The orc wizard casts a spell at you.
You are confused.
The phantom barely misses you.
You completely miss the orc wizard.
The orc wizard is moderately wounded.
You miss the phantom.
The orc shouts!
The orc wizard hits you but does no damage.
The phantom misses you.
You bump into the rock wall.
The orc wizard gestures at you while chanting.
You resist with some effort. The orc hits you with a +0 flail.
The phantom hits you.
You miss the phantom.
The phantom is heavily damaged.
You closely miss the orc. You hit the orc wizard. You burn the orc wizard.
The orc wizard casts a spell.
The orc wizard flickers and vanishes!
Deactivating autopickup; reactivate with Ctrl-A.
The orc closely misses you. The phantom completely misses you.
Okay, then.
You are too confused!
You bump into the rock wall.
Something hits you but does no damage. The orc barely misses you.
The phantom hits you!
* * * LOW HITPOINT WARNING * * *
The phantom blinks!
You blink.
An ogre comes into view. It is wielding a +0 giant club.
You are too confused!
The ogre shouts!
You hit the ogre.
You feel better.
The ogre is lightly wounded.
You closely miss the phantom.
You feel less confused.
The ogre hits you with a +0 giant club!!
You die...
Xom laughs nastily!

...## ##.....## ###
........## ... ... .... .#
#.# ... ...# #... .# #..##.#
#o.#.?... ... .....#
#.o...... #.. ## #O.###o#
.⌠.#.'##.⌠#.@W..##
.........#....##
###.......###.#.# .#
..#.......#...#.# ..
$.'..._...'...'.# .#
#.......#...#.# .#
##.......#####.# .#
#.........#....#######.####.#
#⌠.##'#..⌠#......)...........


You could see a phantom (strong), an ogre and an orc.

Vanquished Creatures
  A phantom (D:4)
  3 scorpions
  2 iguanas (D:5)
  Natasha (D:4)
  A gnoll (D:3)
  3 adders
  8 worms
  2 dart slugs (D:1)
  An orc (D:4)
  4 ball pythons
  6 endoplasms
  3 giant cockroaches
  6 goblins
  9 hobgoblins
  4 jackals (Sewer)
  6 quokkas
  13 bats
  6 frilled lizards
  4 kobolds
  3 rats
86 creatures vanquished.

Vanquished Creatures (others)
  A withered plant (D:4)
1 creature vanquished.

Grand Total: 87 creatures vanquished

Notes
Turn   | Place    | Note
-------+----------+-------------------------------------------
     0 | D:1      | Lekart the Draconian Chaos Knight began the quest for the
                  | Orb.
     0 | D:1      | Reached XP level 1. HP: 19/19 MP: 1/1
   179 | D:1      | Reached XP level 2. HP: 26/26 MP: 2/2
   582 | D:1      | Reached XP level 3. HP: 26/33 MP: 3/3
   710 | D:1      | XOM: silly message
   717 | D:1      | Found a faded altar of an unknown god.
  1057 | D:2      | XOM: 5-stop teleportation journey
  1067 | D:3      | XOM: cast spell 'Leda's Liquefaction'
  1413 | D:3      | Reached XP level 4. HP: 40/40 MP: 4/4
  2009 | D:3      | XOM: 4-stop teleportation journey
  2104 | D:3      | You fall into a shaft and drop 2 floors!
  2104 | D:5      | XOM: stealth player
  2104 | D:5      | Entered Level 5 of the Dungeon
  2108 | D:5      | Noticed a scorpion
  2109 | D:5      | Noticed a scorpion
  2115 | D:5      | Killed a scorpion
  2116 | D:5      | Reached XP level 5. HP: 31/47 MP: 3/5
  2243 | D:5      | XOM: silly message
  2343 | D:5      | Found Raollaon's General Store.
  2354 | D:5      | XOM: divination: magic mapping
  2361 | D:5      | Reached skill level 5 in Axes
  2367 | D:4      | Found a basalt altar of Yredelemnul.
  2382 | D:4      | Reached XP level 6. HP: 19/53 MP: 4/6
  2513 | D:4      | XOM: silly message
  2575 | D:4      | Noticed Natasha
  2577 | D:4      | XOM: smoke on damage
  2608 | D:4      | Killed Natasha
  2612 | D:4      | Found a broken altar of Ashenzari.
  2616 | D:4      | XOM: 2-stop teleportation journey
  2754 | D:4      | Found a glowing drain.
  2763 | Sewer    | Entered a sewer
  2769 | Sewer    | Reached skill level 5 in Fighting
  3154 | Sewer    | XOM: 1-stop teleportation journey
  3182 | Sewer    | XOM: summons 4 hostile demons
  3183 | Sewer    | Noticed a sixfirhy
  3258 | Sewer    | XOM: give mutation
  3258 | Sewer    | Gained mutation: Your muscles are strong. (Str +2) [Xom's
                  | grace]
  3551 | Sewer    | XOM: scenery: 2 doors open, 4 doors close
  3557 | Sewer    | XOM: confusion (+ monsters)
  3725 | Sewer    | Lost mutation: Your muscles are strong. (Str +2) [potion of
                  | mutation]
  3725 | Sewer    | Gained mutation: You are dopey. (Int -2) [potion of
                  | mutation]
  3725 | Sewer    | Gained mutation: You tend to lose your temper in combat.
                  | [potion of mutation]
  3860 | D:4      | Noticed Natasha
  3862 | D:4      | XOM: enchant monster (good)
  3879 | D:4      | XOM: potion effect (brilliance)
  3890 | D:4      | Slain by an ogre

Illustrated notes

Levels and vault maps discovered:
D:1:      dpeg_arrival_rhombus, layout_loops_ring,
          ebering_ecumenical_altar_abandoned
D:2:      layout_rooms, basic_altar, serial_park_tiny_2
D:3:      minmay_angry_zag, layout_rooms, mainiacjoe_overflow_surrounded_room
D:4:      layout_loops_ring, yredelemnul_altar_generic,
          mainiacjoe_overflow_alcove_2, evilmike_ruin_ashenzari,
          gup_sewer_entry_bubbles, chequers_jeans, kennysheep_flooded_box,
          uniq_natasha
D:5:      layout_cave_pools, minmay_temple_entry_nine_rooms, serial_shops,
          nicolae_shop_hallway_plus

Skill      XL: |  1  2  3  4  5  6 |
---------------+-------------------+-----
Fighting       | 4 5 |  5.0
Axes           | 4 5 |  5.7
Dodging        | 3 4 |  4.1

Action                   |  1- 3 |  4- 6 || total
-------------------------+-------+-------++-------
Melee: Hand axe          |   100 |   226 ||   326
       Tailslap          |     7 |    30 ||    37
  Use: Scroll            |     2 |     5 ||     7
       Potion            |     1 |     5 ||     6
 Stab: Paralysed         |       |     4 ||     4
       Sleeping          |       |     2 ||     2
       Petrified         |       |     1 ||     1
Armor: Skin              |    37 |    96 ||   133
Dodge: Dodged            |    69 |   179 ||   248

Table legend: (Time is in decaauts)
 A = Elapsed time spent in this place.
 B = Non-inter-level travel time spent in this place.
 C = Inter-level travel time spent in this place.
 D = Time resting spent in this place.
 E = Time spent auto-exploring this place.
 F = Levels seen in this place.
 G = Mean time per level.
                   A        B        C        D        E       F      G
               +--------+--------+--------+--------+--------+-----+--------+
         Total |   4067 |   4027 |     40 |   1318 |   1803 |   6 |  677.8 |
       Dungeon |   2969 |   2929 |     40 |    922 |   1342 |   5 |  593.8 |
         Sewer |   1097 |   1097 |      0 |    396 |    461 |   1 | 1097.0 |
               +--------+--------+--------+--------+--------+-----+--------+

Top non-repeatable levels by time:
   Sewer: 1097 daAuts
     D:3: 1064 daAuts
     D:1: 999 daAuts
     D:4: 560 daAuts
     D:5: 264 daAuts
     D:2: 81 daAuts
